 Dungeon Crawl Stone Soup version 0.28.0-45-g0d030f2227 (webtiles) character file.

Game seed: 4640650124314243129

19 jimonade the Magician (level 2, 0/21 HPs)
             Began as a Djinni Fire Elementalist on Apr 8, 2022.
             Slain by Natasha (7 damage)
             ... on level 2 of the Dungeon.
             The game lasted 00:02:23 (1239 turns).

jimonade the Magician (Djinni Fire Elementalist)    Turns: 1239, Time: 00:02:24

Health: 0/21       AC:  2    Str:  7    XL:     2   Next: 95%
Gold:   23         EV: 12    Int: 16    God:
                   SH:  0    Dex: 13

rFire   + + .      SeeInvis .   e - +0 whip
rCold   x . .      Faith    .   (no shield)
rNeg    . . .      Spirit   .   a - +0 robe
rPois   ∞          Reflect  .   (no helmet)
rElec   .          Harm     .   (no cloak)
rCorr   .          Rampage  .   (no gloves)
Will    .....                   (boots unavailable)
Stlth   ++........              (no amulet)
HPRegen 0.07/turn               (no ring)
MPRegen 0.00/turn               (no ring)

@: flying, slowed, very slow
A: sickness immunity, fire resistance 2, cold vulnerability 1, float, innate
caster, HP casting, extra vitality 1
a: no special abilities


You were on level 2 of the Dungeon.
You visited 1 branch of the dungeon, and saw 2 of its levels.

You collected 23 gold pieces.

Inventory:

Hand Weapons
 c - a +0 hand axe
 d - a +0 hunting sling
 e - a +0 whip (weapon)
Missiles
 b - 10 arrows
 h - 19 stones
Armour
 a - a +0 robe (worn)
Scrolls
 f - a scroll of torment {unknown}
 g - 2 scrolls of teleportation {unknown}
 i - a scroll of immolation {unknown}
 j - a scroll of magic mapping {unknown}
 k - a scroll of identify {unknown}
Potions
 l - a potion of curing


   Skills:
 * Level 0.3 Fighting
 + Level 0.2 Maces & Flails
 + Level 2.3 Dodging
 - Level 1.5 Stealth
 * Level 3.0 Spellcasting


You couldn't memorise any spells.
You knew the following spells:

 Your Spells              Type           Power      Damage    Failure   Level
a - Foxfire               Conj/Fire      48%        2x1d6     5%          1
b - Scorch                Fire           24%        2d6       9%          2
c - Conjure Flame         Conj/Fire      12%        6-21      16%         3
d - Inner Flame           Hex/Fire       12%        N/A       16%         3
e - Flame Wave            Conj/Fire      12%        2d6       47%         4
Your spell library was empty.

Dungeon Overview and Level Annotations

Branches:
Dungeon (2/15)

Altars:

Annotations:
D:2 Natasha


Innate Abilities, Weirdness & Mutations

You are immune to sickness and miasma.
You are immune to poison.
Your flesh is very heat resistant. (rF++)
You are vulnerable to cold. (rC-)
You float through the air rather than walking.
You learn spells naturally, not from books.
Your magical power is your life essence.
You have superior vitality. (+4 MHP)


Message History

The foxfire hits the goblin.
The goblin is severely wounded.
The foxfire hits the goblin.
You kill the goblin!
Your Spellcasting skill increases to level 3!
You conjure some foxfire!
The foxfire hits the rat.
You kill the rat!
Your foxfire dissipates!
l - a metallic ruby potion
Things that are here:
a +0 club; a goblin corpse Natasha, Servant of Life and Death comes into view.
You conjure some foxfire!
Natasha hisses angrily.
Natasha casts a spell at you.
You feel yourself slow down.
The foxfire hits Natasha.
Natasha is moderately wounded.
The foxfire hits Natasha.
Natasha is severely wounded.
Natasha casts a spell.
You conjure some foxfire!
Natasha misses you.
Natasha drinks a potion.
Natasha is healed!
The foxfire hits Natasha.
Natasha is lightly wounded.
The foxfire hits Natasha.
Natasha is moderately wounded.
The crimson imp blinks!
Natasha closely misses you.
You conjure some foxfire!
Natasha barely misses you. x2
The foxfire hits Natasha but does no damage.
Natasha is lightly wounded.
The foxfire hits Natasha but does no damage.
Natasha is lightly wounded.
Natasha claws you!
You are too injured to fight recklessly!
Casting: Foxfire (safe; 5% risk of failure)
Confirm with . or Enter, or press ? or * to list all spells.
You conjure some foxfire!
Natasha claws you. Natasha claws you!
You die...

#...# #.# #.#.# #...#
#.# #.#.# #...# #.#
#.#.# #...# #.# #.#.#
#...###.####.#.#
#...[..........#
#.#.###5####.###
#.#.###h####.#
#[....v@)....#
#######.##v######
................#
############.#.####.#
#...............#
#.#.#########...#
###.###.........#
#.....#.#####†>.#
#.#.#.#......<..#


You could see Natasha (ally target) and a crimson imp (summoned).

Vanquished Creatures
  2 giant cockroaches (D:1)
  7 goblins
  2 hobgoblins
  2 ball pythons (D:1)
  2 bats (D:1)
  3 frilled lizards (D:1)
  A rat (D:2)
19 creatures vanquished.

Vanquished Creatures (others)
  36 foxfires
36 creatures vanquished.

Grand Total: 55 creatures vanquished

Notes
Turn   | Place    | Note
-------+----------+-------------------------------------------
     0 | D:1      | jimonade the Djinni Fire Elementalist began the quest for
                  | the Orb.
     0 | D:1      | Reached XP level 1. HP: 15/15 MP: 0/0
   286 | D:1      | Reached XP level 2. HP: 19/21 MP: 0/0
  1207 | D:2      | Reached skill level 3 in Spellcasting
  1231 | D:2      | Noticed Natasha
  1235 | D:2      | Noticed a crimson imp
  1239 | D:2      | Slain by Natasha

Illustrated notes

Levels and vault maps discovered:
D:1:      dpeg_arrival_water_fire, layout_loops_ring
D:2:      layout_basic, dreamdust_ecumenical_altar_drowned_temple,
          minmay_pentomino_t4, uniq_robin, uniq_natasha, uniq_terence

Skill      XL: |  1  2 |
---------------+-------+-----
Spellcasting   | 3 |  3.0
Fighting       | |  0.3
Maces & Flails | |  0.2
Dodging        | |  2.3
Stealth        | |  1.5

Action                   || total
-------------------------++-------
Melee: Whip              ||     6
 Cast: Foxfire           ||    27
Armor: Robe              ||     6
Dodge: Dodged            ||    11
